 Dungeon Crawl Stone Soup version 0.30-a0-42-g806c11bf1d (webtiles) character file.

Game seed: 16240868380099219424

42 drugrobin the Sneak (level 3, 0/30 HPs)
             Began as a Demigod Delver on Aug 31, 2022.
             Slain by a hound skeleton (2 damage)
             ... on level 5 of the Dungeon.
             The game lasted 00:00:37 (95 turns).

drugrobin the Sneak (Demigod Delver)                  Turns: 95, Time: 00:00:38

Health: 0/30       AC:  3    Str: 13    XL:     3   Next: 19%
Magic:  5/5        EV: 12    Int: 12    God:
Gold:   0          SH:  0    Dex: 19    Spells: 2/2 levels left

rFire   . . .      SeeInvis .    a - +0 short sword
rCold   . . .      Faith    .    (no shield)
rNeg    . . .      Spirit   .    b - +0 leather armour
rPois   .          Reflect  .    (no helmet)
rElec   .          Harm     .    (no cloak)
rCorr   .          Rampage  .    (no gloves)
Will    .....                    (no boots)
Stlth   +++.......               (no amulet)
HPRegen 0.10/turn                (no ring)
MPRegen 0.09/turn                (no ring)

@: no status effects
A: high MP 1, forlorn, divine attributes
a: no special abilities


You were on level 5 of the Dungeon.
You visited 1 branch of the dungeon, and saw 1 of its levels.

Inventory:

Hand Weapons
 a - a +0 short sword (weapon)
Armour
 b - a +0 leather armour (worn)
Wands
 g - a wand of digging (3)
Scrolls
 c - a scroll of fog
 d - a scroll of magic mapping
 e - a scroll of fear
Potions
 f - a potion of haste


   Skills:
 - Level 2.6 Fighting
 + Level 3.5 Short Blades
 - Level 1.7 Dodging
 - Level 4.5 Stealth


You had 2 spell levels left.
You didn't know any spells.
Your spell library was empty.

Dungeon Overview and Level Annotations

Branches:
Dungeon (5/15)
 Temple: D:4-7


Innate Abilities, Weirdness & Mutations

You have an increased reservoir of magic. (+10% MP)
You shall have no god before yourself.
Your divine heritage dramatically boosts your attributes as you level up.


Message History

The bullfrog skeleton is severely damaged.
The bullfrog skeleton barely misses you.
Unknown command.
Unknown command.
You hit the bullfrog skeleton.
The bullfrog skeleton is almost destroyed.
The bullfrog skeleton hits you.
* * * LOW HITPOINT WARNING * * *
Unknown command.
You hit the bullfrog skeleton.
You destroy the bullfrog skeleton!
Your Short Blades skill increases to level 3!
You have reached level 3!
Your experience leads to a dramatic increase in your attributes!
Increase (S)trength, (I)ntelligence, or (D)exterity?
You feel agile. x4
Unknown command.
You hit the hound skeleton.
The hound skeleton is moderately damaged.
The hound skeleton bites you but does no damage.
You hit the hound skeleton.
The hound skeleton is heavily damaged.
The hound skeleton barely misses you. x2
You hit the hound skeleton.
The hound skeleton is severely damaged.
The hound skeleton bites you.
* * * LOW HITPOINT WARNING * * *
Unknown command.
Unknown command.
You hit the hound skeleton.
The hound skeleton is severely damaged.
The hound skeleton bites you.
* * * LOW HITPOINT WARNING * * *
Unknown command.
Unknown command.
Unknown command.
You hit the hound skeleton.
The hound skeleton is almost destroyed.
The hound skeleton bites you.
You die...

#.............#
#.####...####.#
#.# ###.# #.#
#.# #.####.#
#.#####'##
#....#.###
#.#......#
####.....<
#.#......#
####...
#.#......# ##..
#.#...@..# #..
#.#...Z..# #..
#.#......# #..
#.#......# #..
#...###+## #..
###.# #.. #.#
#.. #####.# ###
#.....# # .


You could see a hound skeleton.

Vanquished Creatures
  A bullfrog skeleton (D:5)
  A hound zombie (D:5)
2 creatures vanquished.

Notes
Turn   | Place    | Note
-------+----------+-------------------------------------------
     0 | D:5      | drugrobin the Demigod Delver began the quest for the Orb.
     0 | D:5      | Reached XP level 1. HP: 18/18 MP: 3/3
    76 | D:5      | Reached XP level 2. HP: 7/25 MP: 4/4
    85 | D:5      | Reached XP level 3. HP: 4/30 MP: 5/5
    95 | D:5      | Slain by a hound skeleton

Illustrated notes

Levels and vault maps discovered:
D:5:      layout_basic, serial_undead, serial_undead_a, serial_undead_d,
          serial_undead_b, serial_undead_b, serial_undead_b, serial_undead_f,
          serial_undead_a

Skill      XL: |  1  2 |
---------------+-------+-----
Short Blades   | 2 3 |  3.5
Fighting       | |  2.6
Dodging        | |  1.7
Stealth        | |  4.5

Action                   || total
-------------------------++-------
Melee: Short sword       ||    25
       Punch             ||     1
  Use: Potion            ||     1
Armor: Leather armour    ||     6
Dodge: Dodged            ||    18

Table legend: (Time is in decaauts)
 A = Elapsed time spent in this place.
 B = Non-inter-level travel time spent in this place.
 C = Inter-level travel time spent in this place.
 D = Time resting spent in this place.
 E = Time spent auto-exploring this place.
 F = Levels seen in this place.
 G = Mean time per level.
                   A        B        C        D        E       F      G
               +--------+--------+--------+--------+--------+-----+--------+
         Total |     94 |     94 |      0 |      0 |     50 |   1 |   94.0 |
       Dungeon |     94 |     94 |      0 |      0 |     50 |   1 |   94.0 |
               +--------+--------+--------+--------+--------+-----+--------+

Top non-repeatable levels by time:
     D:5: 94 daAuts
